 Dungeon Crawl Stone Soup version 0.31-a0-845-g9abc20d24f (webtiles) character file.

Game seed: 17251437961518171707

5712 Kurtz the Blocker (level 10, -1/65 HPs)
             Began as an Octopode Fighter on Oct 1, 2023.
             Was a High Priest of Okawaru.
             Slain by a slime creature (19 damage)
             ... on level 9 of the Dungeon.
             The game lasted 00:11:53 (8517 turns).

Kurtz the Blocker (Octopode Fighter)                Turns: 8517, Time: 00:11:54

Health: -1/65      AC:  3    Str: 24    XL:     10   Next: 76%
Magic:  10/10      EV:  9    Int: 10    God:    Okawaru [*****.]
Gold:   321        SH: 30    Dex: 16    Spells: 9/9 levels left

rFire   . . .        a - +0 war axe
rCold   . . .        f - +18 shield of the Gong {Loud rN+ Will+ rCorr EV-5}
rNeg    + . .        p - +2 hat of Valour {Str+2}
rPois   .            (no amulet)
rElec   .            k - +6 ring of strength
rCorr   +            l - ring of flight
SInv    +            t - ring of see invisible
Will    +....        j - ring of wizardry
Stlth   +++          (no ring)
HPRegen 0.30/turn    (no ring)
MPRegen 0.12/turn    (no ring)
                     (no ring)

%: wizardry (x1)
@: flying, hasted, very quick
A: almost no armour, amphibious, 8 rings, camouflage 1, gelatinous body 1,
(nimble swimmer 1), tentacles
a: Renounce Religion, Heroism, Finesse, Duel


You were on level 9 of the Dungeon.
You worshipped Okawaru.
Okawaru was extremely pleased with you.
You visited 1 branch of the dungeon, and saw 9 of its levels.
You also visited: Ossuary.

You collected 349 gold pieces.
You spent 28 gold pieces at shops.

Inventory:

Hand Weapons
 a - a +0 war axe (weapon)
 K - a +2 hand axe
Missiles
 h - 5 boomerangs
 m - 2 datura-tipped darts
 C - a throwing net
 F - a javelin
 I - 12 poisoned darts
Armour
 b - a +0 buckler
 f - the +18 shield of the Gong (worn) {Loud rN+ Will+ rCorr EV-5}
   (You acquired it on level 3 of the Dungeon)

   Loud:      It is deafeningly noisy when blocking attacks.
   EV-5:      It affects your evasion (-5).
   rN+:       It protects you from negative energy.
   Will+:     It increases your willpower.
   rCorr:     It protects you from acid and corrosion.
 p - the +2 hat of Valour (worn) {Str+2}
   (You acquired it on level 6 of the Dungeon)

   Str+2:     It affects your strength (+2).
Jewellery
 j - a ring of wizardry (on tentacle)
 k - a +6 ring of strength (left tentacle)
 l - a ring of flight (right tentacle)
 q - a +4 ring of slaying
 t - a ring of see invisible (on tentacle)
Wands
 r - a wand of iceblast (5)
 v - a wand of acid (4)
Scrolls
 d - a scroll of silence
 i - 4 scrolls of noise {unknown}
 o - 2 scrolls of torment
 s - 5 scrolls of teleportation
 u - a scroll of vulnerability {unknown}
 y - 2 scrolls of revelation {unknown}
 B - a scroll of blinking {unknown}
 G - a scroll of fear {unknown}
 H - 2 scrolls of enchant weapon {unknown}
 J - 3 scrolls of identify
Potions
 c - a potion of might
 e - 3 potions of resistance
 g - 5 potions of haste
 n - a potion of ambrosia
 w - a potion of enlightenment
 x - a potion of curing
 z - 2 potions of mutation
 E - a potion of invisibility {unknown}
 L - a potion of degeneration {unknown}
Miscellaneous
 D - a phial of floods


   Skills:
 - Level 4.7 Fighting
 - Level 10.7 Axes
 - Level 4.6 Dodging
 - Level 2.0 Stealth
 * Level 10.9 Shields


You had 9 spell levels left.
You didn't know any spells.
Your spell library contained the following spells:

 Spells                   Type           Power      Damage    Failure   Level
 Foxfire                  Conj/Fire      0%         2x1d4     26%         1
 Necrotise                Necr           0%         1d4       26%         1
 Vampiric Draining        Necr           0%         2d6       56%         3
 Brom's Barrelling Bould  Conj/Erth      0%         2d3       91%         4
 Dimensional Bullseye     Hex/Tloc       0%         N/A       91%         4
 Iskenderun's Mystic Bla  Conj/Tloc      0%         2d3       91%         4
 Agony                    Necr           0%         N/A       99%         5
 Alistair's Intoxication  Tmut/Pois      0%         N/A       99%         5
 Borgnjor's Vile Clutch   Necr/Erth      0%         N/A       99%         5
 Eringya's Noxious Bog    Tmut/Pois      0%         4d6       100%        6
 Plasma Beam              Fire/Air       0%         2x1d10    100%        6
 Starburst                Conj/Fire      0%         6d3       100%        6
 Summon Small Mammal      Summ           Unusable   N/A       N/A         1
 Call Canine Familiar     Summ           Unusable   N/A       N/A         3
 Summon Guardian Golem    Hex/Summ       Unusable   N/A       N/A         3
 Tukima's Dance           Hex            Unusable   N/A       N/A         3
 Animate Armour           Summ/Erth      Unusable   N/A       N/A         4

Dungeon Overview and Level Annotations

Branches:
Dungeon (9/15)             Temple (0/1) D:4         Ossuary (visited)
   Lair: D:8-11         Orc: D:9-12

Altars:
Kikubaaqudgha
Okawaru
Uskayaw
Xom

Shops:
D:3 =?


Innate Abilities, Weirdness & Mutations

You cannot wear most types of armour.
You are amphibious.
You can wear up to eight rings at the same time.
Your skin changes colour to match your surroundings (Stealth+).
Your rubbery body absorbs attacks. (AC +1, EV +1)
((You are camouflaged when in or above water. (Stealth+)))
You have tentacles for arms and can constrict up to eight enemies at once.


Message History

PANG!
You block the two-headed ogre's attack.
GONNNNG!
You hear a shout! x2
Throw: dart (curare)
Press: ? - help, Q - select action, (/) - cycle Shift-Dir - straight line, f - two-headed ogre
Aim: a two-headed ogre, wielding a +0 giant spiked club and a +0 dire flail (74% to hit)
You throw a curare-tipped dart.
The curare-tipped dart hits the two-headed ogre.
The two-headed ogre is poisoned.
The two-headed ogre convulses.
The two-headed ogre seems to slow down.
The two-headed ogre is lightly wounded.
You block the two-headed ogre's attack.
GONNNNG!
The two-headed ogre hits you with a +0 dire flail!
You hit the two-headed ogre. You squeeze the two-headed ogre!
The two-headed ogre is moderately wounded.
You hit the two-headed ogre.
The two-headed ogre is heavily wounded.
The two-headed ogre hits you with a +0 giant spiked club!!
* * * LOW HITPOINT WARNING * * *
You block the two-headed ogre's attack.
GONNNNG!
Unknown command.
You feel yourself speed up. You block the slime creature's attack.
GONNNNG!
Unknown command.
You barely miss the two-headed ogre. You squeeze the two-headed ogre!
The two-headed ogre is severely wounded.
You hit the slime creature. You block the slime creature's attack.
GONNNNG!
Unknown command.
You hit the two-headed ogre but do no damage.
You squeeze the two-headed ogre!
The two-headed ogre is almost dead.
You barely miss the slime creature. You block the two-headed ogre's attack.
PANG!
You block the two-headed ogre's attack.
PTOANNNG!
The slime creature hits you!!
You die...

.........###'##..###...
##..>...#....#.......
#......#....#....#
#......#>...#....#
#......#....).)..#
####+#......#....#....#
........)...##...#)...#
.............#...#.....#
.......<.O@J.#...##....#
##.....##+##.#....#....#
#..... #.#....#....#
#..... #.#....#....#
#..... #J'....#.....
#..... #.#....# #.....
#.#....# #..... #.#....#
#.######


You could see a slime creature and a two-headed ogre (poisoned, slow).

Vanquished Creatures
  A two-headed ogre (D:9)
  An ugly thing (D:7)
  Prince Ribbit (D:6)
  2 slime creatures (D:8)
  A shadow (D:7)
  A wyvern (D:7)
  Eustachio (D:6)
  A steam dragon (D:5)
  A vampire mosquito (D:7)
  An acid dragon (D:7)
  3 orc warriors (D:7)
  3 ice beasts
  2 black bears (D:7)
  An ogre (D:6)
  A centaur (D:8)
  3 phantoms
  An elf zombie (Ossuary)
  2 kobold brigands
  2 bullfrogs (D:7)
  2 scorpions
  10 wights (D:8)
  6 killer bees (D:5)
  2 human zombies (Ossuary)
  A jelly (D:5)
  3 centaur zombies (Ossuary)
  2 orc priests (D:7)
  2 hounds
  A sleepcap (D:5)
  3 gnoll boudas
  2 orc wizards
  5 iguanas
  3 mummies
  18 gnolls
  12 adders
  A shadow imp (D:5)
  2 white imps (D:7)
  2 worms
  2 dart slugs
  18 orcs
  5 bats
  6 endoplasms
  2 giant cockroaches
  8 goblins
  4 hobgoblins
  6 jackals
  7 quokkas
  5 ball pythons
  2 frilled lizards
  8 hobgoblin zombies (Ossuary)
  A jackal zombie (Ossuary)
  8 kobolds
  6 kobold zombies (Ossuary)
  13 orc zombies (Ossuary)
  9 rats
  3 rat zombies (Ossuary)
219 creatures vanquished.

Notes
Turn   | Place    | Note
-------+----------+-------------------------------------------
     0 | D:1      | Kurtz the Octopode Fighter began the quest for the Orb.
     0 | D:1      | Reached XP level 1. HP: 16/16 MP: 1/1
   280 | D:1      | Reached XP level 2. HP: 21/21 MP: 2/2
   531 | D:1      | Got a glistering book
   651 | D:1      | Found a faded altar of an unknown god.
  1057 | D:2      | Reached XP level 3. HP: 21/26 MP: 3/3
  1554 | D:2      | Reached skill level 1 in Stealth
  1554 | D:2      | Reached XP level 4. HP: 30/31 MP: 4/4
  2103 | D:3      | Found Arupreewy's Magic Scroll Shop.
  2107 | D:3      | Bought a scroll of identify for 28 gold pieces
  2123 | D:3      | Identified a scroll of acquirement
  2125 | D:3      | Acquired the +18 shield of the Gong {Loud rN+ Will+ rCorr
                  | EV-5}
  2125 | D:3      | Found the +18 shield of the Gong {Loud rN+ Will+ rCorr
                  | EV-5}
  2222 | D:3      | Reached XP level 5. HP: 23/36 MP: 5/5
  2229 | D:3      | Reached skill level 5 in Axes
  2360 | D:3      | Found Hoihy's Jewellery Emporium.
  2662 | D:3      | Found an ancient bone altar of Kikubaaqudgha.
  2662 | D:3      | Found an iron altar of Okawaru.
  2679 | D:3      | Found a shimmering altar of Xom.
  2679 | D:3      | Found a hide-covered altar of Uskayaw.
  2739 | D:3      | Became a worshipper of Warmaster Okawaru
  2874 | D:4      | Reached XP level 6. HP: 21/42 MP: 6/6
  2902 | D:4      | Reached * piety under Okawaru
  3242 | D:4      | Found a staircase to the Ecumenical Temple.
  3254 | D:4      | Reached XP level 7. HP: 40/46 MP: 7/7
  3258 | D:4      | Identified the orb of Grottiness {guile, Str+4}
  3993 | D:5      | Entered Level 5 of the Dungeon
  4028 | D:5      | HP: 1/46 [poisoned by a killer bee]
  4042 | D:5      | Reached ** piety under Okawaru
  4056 | D:5      | Reached XP level 8. HP: 12/52 MP: 8/8
  5151 | D:6      | Noticed Prince Ribbit
  5157 | D:6      | Killed Prince Ribbit
  5157 | D:6      | Reached *** piety under Okawaru
  5158 | D:6      | Reached skill level 10 in Axes
  5577 | D:6      | Found a sand-covered staircase.
  5585 | Ossuary  | Entered an ossuary
  5688 | Ossuary  | Reached XP level 9. HP: 41/57 MP: 9/9
  5842 | D:6      | Noticed Eustachio
  5860 | D:6      | Killed Eustachio
  5913 | D:6      | Reached skill level 5 in Shields
  6365 | D:7      | Reached **** piety under Okawaru
  6438 | D:7      | Noticed a white ugly thing
  6449 | D:7      | Killed a white ugly thing
  6657 | D:6      | Acquired the +2 hat of Valour {Str+2}
  6707 | D:7      | Reached ***** piety under Okawaru
  6708 | D:7      | Reached XP level 10. HP: 56/65 MP: 10/10
  6711 | D:7      | Identified the +4 scimitar of Kismet {heavy, rF++ Int+4}
  8346 | D:8      | Reached skill level 10 in Shields
  8422 | D:9      | Noticed a two-headed ogre
  8433 | D:9      | Killed a two-headed ogre
  8506 | D:9      | Noticed a two-headed ogre
  8517 | D:9      | Slain by a slime creature

Illustrated notes

Levels and vault maps discovered:
D:1:      lightli_arrival_windingriver, layout_loops_corners,
          hellmonk_ecumenical_altar_dog_temple, minmay_hedge_maze,
          minmay_heptomino_h4
D:2:      layout_loops_corners, minmay_tripent
D:3:      layout_loops_ring, gammafunk_temple_overflow_elements,
          mainiacjoe_overflow_divided_tiny, serial_shops, shop, shop
D:4:      layout_loops_corners, temple_pool_b, minmay_cut_off
D:5:      layout_cave_pods, hex_large, feat_on_display
D:6:      layout_cave_pods, gup_ossuary_entry_pyramid,
          hangedman_abyss_or_decor_passed, uniq_eustachio, uniq_prince_ribbit1
D:7:      minmay_the_grid_octo_triangle [minmay_the_grid_octo_tetromino_candy,
          minmay_the_grid_octo_prize_square_snowflake,
          minmay_the_grid_octo_clover_2], layout_basic
D:8:      layout_gridville
D:9:      lemuel_ice_spiral_2, layout_irregular_city,
          mainiacjoe_overflow_alcove_1

Skill      XL: |  1  2  3  4  5  6  7  8  9 10 |
---------------+-------------------------------+-----
Axes           | 3 4 5 7 9 10 | 10.7
Stealth        | 1 2 |  2.0
Shields        | 7 10 | 10.9
Fighting       | 4 |  4.7
Dodging        | 4 |  4.6

Action                     |  1- 3 |  4- 6 |  7- 9 | 10-12 || total
---------------------------+-------+-------+-------+-------++-------
  Melee: War axe           |   134 |   111 |   175 |   101 ||   521
         Tentacles         |    24 |    21 |    50 |    24 ||   119
         Constrict         |    15 |    26 |    48 |    18 ||   107
         Punch             |     3 |     2 |     2 |     1 ||     8
  Throw: Javelin           |       |       |     5 |     1 ||     6
         Throwing net      |       |       |     2 |     1 ||     3
         Boomerang         |       |       |       |     8 ||     8
         Dart              |       |       |       |     4 ||     4
 Invoke: Heroism           |       |       |       |     2 ||     2
  Evoke: Wand              |       |     2 |    16 |     2 ||    20
    Use: Scroll            |       |     3 |     3 |     2 ||     8
         Potion            |       |     3 |     5 |     1 ||     9
   Stab: Sleeping          |     7 |     3 |       |       ||    10
 Armour: Skin              |    27 |    39 |    57 |    18 ||   141
  Dodge: Dodged            |    36 |    31 |    32 |    12 ||   111
  Block: Buckler           |    13 |     3 |       |       ||    16
         Kite shield       |       |   128 |   192 |   106 ||   426

Table legend: (Time is in decaauts)
 A = Elapsed time spent in this place.
 B = Non-inter-level travel time spent in this place.
 C = Inter-level travel time spent in this place.
 D = Time resting spent in this place.
 E = Time spent auto-exploring this place.
 F = Levels seen in this place.
 G = Mean time per level.
                   A        B        C        D        E       F      G
               +--------+--------+--------+--------+--------+-----+--------+
         Total |   8631 |   8065 |    566 |   1138 |   5196 |  10 |  863.1 |
       Dungeon |   8370 |   7804 |    566 |   1138 |   5056 |   9 |  930.0 |
       Ossuary |    260 |    260 |      0 |      0 |    140 |   1 |  260.0 |
               +--------+--------+--------+--------+--------+-----+--------+

Top non-repeatable levels by time:
     D:5: 1121 daAuts
     D:1: 1080 daAuts
     D:6: 1079 daAuts
     D:7: 1036 daAuts
     D:4: 1035 daAuts
     D:2: 987 daAuts
     D:3: 985 daAuts
     D:8: 915 daAuts
 Ossuary: 260 daAuts
     D:9: 129 daAuts
